 Dungeon Crawl Stone Soup version 0.30-a0-1114-gd936c97349 (webtiles) character file.

Game seed: 14397760963698555092

2620 cforsyth the Trooper (level 9, -8/78 HPs)
             Began as a Demigod Fighter on Apr 20, 2023.
             Killed from afar by an acid dragon (21 damage)
             ... with a splash of acid
             ... on level 7 of the Dungeon.
             The game lasted 00:12:15 (7947 turns).

cforsyth the Trooper (Demigod Fighter)              Turns: 7947, Time: 00:12:15

Health: -8/78      AC: 11    Str: 29    XL:     9   Next: 12%
Magic:  11/11      EV:  8    Int: 10    God:
Gold:   276        SH:  6    Dex: 16    Spells: 8/8 levels left

rFire   . . .      SeeInvis .    a - +1 flail (freeze)
rCold   . . .      Faith    .    c - +0 buckler
rNeg    + . .      Spirit   .    t - +0 chain mail
rPois   .          Reflect  .    (no helmet)
rElec   .          Rampage  .    I - +0 cloak
rCorr   .                        (no gloves)
Will    +....                    (no boots) Stlth
                                 (no amulet)
HPRegen 0.33/turn                q - +4 ring of protection
MPRegen 0.12/turn                w - ring of Ypetretz {rN+ Will+ AC+4 Dex+3 Slay+2}

@: about to teleport, corroded
A: high MP 1, forlorn, divine attributes
a: no special abilities


You were on level 7 of the Dungeon.
You visited 1 branch of the dungeon, and saw 7 of its levels.
You also visited: Sewer.

You collected 366 gold pieces.
You spent 90 gold pieces at shops.

Inventory:

Hand Weapons
 a - a +1 flail of freezing (weapon)
 H - the +6 trident of Urhett {flame, rN+}
   (You found it on level 6 of the Dungeon)

   rN:        It protects you from negative energy.
Armour
 b - a +0 scale mail
 c - a +0 buckler (worn)
 t - a +0 chain mail (worn)
 I - a +0 cloak (worn)
Jewellery
 q - a +4 ring of protection (left hand)
 w - the ring of Ypetretz (right hand) {rN+ Will+ AC+4 Dex+3 Slay+2}
   (You bought it in a shop on level 4 of the Dungeon)

   [ring of protection]

   AC:        It affects your AC (+4).
   Dex:       It affects your dexterity (+3).
   Slay:      It affects your accuracy & damage with ranged weapons and melee
   (+2).
   rN:        It protects you from negative energy.
   Will:      It increases your willpower.
 y - a ring of see invisible
 B - a ring of poison resistance
 E - a +4 ring of protection
Scrolls
 e - a scroll of fog
 f - 2 scrolls of noise {unknown}
 g - 2 scrolls of magic mapping {unknown}
 i - a scroll of enchant weapon
 j - 2 scrolls of blinking {unknown}
 k - 4 scrolls of teleportation
 r - 2 scrolls of amnesia
 s - a scroll of brand weapon
 v - 4 scrolls of identify
 x - a scroll of torment {unknown}
 D - a scroll of silence
 F - a scroll of poison {unknown}
Potions
 d - 3 potions of might
 h - 2 potions of curing
 l - a potion of magic {unknown}
 m - 5 potions of haste {unknown}
 n - 2 potions of resistance
 o - a potion of attraction
 p - a potion of flight
 u - a potion of heal wounds {unknown}
 z - 2 potions of mutation {unknown}
 A - a potion of invisibility {unknown}
 C - a potion of cancellation {unknown}
 G - 2 potions of degeneration {unknown}


   Skills:
 + Level 6.4 Fighting
 + Level 6.1 Maces & Flails
 + Level 6.4 Armour
 + Level 6.4 Shields


You had 8 spell levels left.
You didn't know any spells.
Your spell library contained the following spells:

 Spells                   Type           Power      Damage    Failure   Level
 Apportation              Tloc           0%         N/A       88%         1
 Kiss of Death            Conj/Necr      0%         2d5       88%         1
 Necrotise                Necr           0%         1d4       88%         1
 Summon Small Mammal      Summ           0%         N/A       88%         1
 Blink                    Tloc           0%         N/A       96%         2
 Ensorcelled Hibernation  Hex/Ice        0%         N/A       96%         2
 Lesser Beckoning         Tloc           0%         N/A       96%         2
 Momentum Strike          Conj/Tloc      0%         3d8       96%         2
 Confusing Touch          Hex            0%         N/A       99%         3
 Ozocubu's Armour         Ice            0%         N/A       99%         3
 Spider Form              Tmut/Pois      0%         N/A       99%         3
 Anguish                  Hex/Necr       0%         N/A       100%        4
 Dispel Undead            Necr           0%         3d6       100%        4
 Ozocubu's Refrigeration  Ice            0%         4d7       100%        7


Dungeon Overview and Level Annotations

Branches:
Dungeon (7/15)             Temple (0/1) D:5           Sewer (visited)

Shops:
D:4 *

Annotations:
D:3 3 runed translucent doors, avangion's ghost, amateur GnCj


Innate Abilities, Weirdness & Mutations

You have an increased reservoir of magic. (+10% MP)
You shall have no god before yourself.
Your divine heritage dramatically boosts your attributes as you level up.


Message History

You completely miss the acid dragon.
The acid dragon is heavily wounded.
The acid dragon bites you but does no damage.
You block the acid dragon's attack.
A kobold brigand comes into view.
It is wielding a +0 club and quivering poisoned darts.
You barely miss the acid dragon.
The acid dragon is heavily wounded.
The acid dragon spits acid at you. The splash of acid hits you!!!
* * * LOW HITPOINT WARNING * * *
The acid corrodes you!
The acid dragon bites you but does no damage.
The acid dragon claws you but does no damage.
You hear a shout! x2
You barely miss the acid dragon.
The acid dragon is heavily wounded.
The acid dragon spits acid at you. The splash of acid hits you!
* * * LOW HITPOINT WARNING * * *
You hear a shout!
You feel better. The acid dragon barely misses you.
You block the acid dragon's attack. The jelly hits you but does no damage.
The acid dragon attacks as you move away!
You block the acid dragon's attack.
The acid dragon claws you but does no damage.
You block the jelly's attack.
An orc warrior comes into view. It is wielding a +0 dire flail.
The jelly attacks as you move away! The jelly closely misses you.
You aren't carrying any items that you can evoke.
Unknown command.
Okay, then.
As you read the scroll of teleportation, it crumbles to dust.
You feel strangely unstable. The acid dragon bites you!
* * * LOW HITPOINT WARNING * * *
The acid dragon claws you but does no damage.
An orc priest comes into view. It is wielding a +0 hand axe.
You feel better. The acid dragon spits acid at you.
The splash of acid hits you!!
You die...

#. ..# .
#.# ..# !.
#.###..##.#
#o.......##
##.#...<..>
#.o...#
#.#J..## #
#D####....
#.@....#
#.######
#.# ###.###
#.....#
#<....#
#...[.#
#.....#
#.....#


You could see an orc warrior, an acid dragon (catching breath), a jelly and an
orc priest.

Vanquished Creatures
  Sigmund (D:5)
  6 yaks
  A black bear (D:4)
  2 ice beasts (D:5)
  An ogre (D:5)
  5 kobold brigands
  A bullfrog (D:6)
  2 scorpions (D:5)
  2 orc priests
  3 hounds
  Jessica (D:2)
  A sleepcap (D:6)
  5 orc wizards
  An iguana (D:5)
  A hound skeleton (D:2)
  9 gnolls
  7 adders
  2 river rats
  An adder zombie (D:2)
  An adder skeleton (D:2)
  9 worms
  3 dart slugs
  16 orcs
  10 ball pythons
  5 bats
  2 bat zombies (D:2)
  9 endoplasms
  7 giant cockroaches
  5 goblins
  7 hobgoblins
  6 jackals
  17 kobolds
  A quokka (D:3)
  2 ball python skeletons (D:2)
  4 frilled lizards
  2 quokka skeletons (D:2)
  12 rats
170 creatures vanquished.

Vanquished Creatures (others)
  An ufetubus (D:5)
  7 plants (D:3)
  5 withered plants (D:2)
13 creatures vanquished.

Grand Total: 183 creatures vanquished

Notes
Turn   | Place    | Note
-------+----------+-------------------------------------------
     0 | D:1      | cforsyth the Demigod Fighter began the quest for the Orb.
     0 | D:1      | Reached XP level 1. HP: 18/18 MP: 3/3
    89 | D:1      | Reached XP level 2. HP: 12/25 MP: 4/4
   567 | D:1      | Reached XP level 3. HP: 31/31 MP: 5/5
  1141 | D:2      | Noticed Jessica
  1147 | D:2      | Killed Jessica
  1148 | D:2      | Reached XP level 4. HP: 38/38 MP: 6/6
  1714 | D:3      | Noticed avangion's ghost (amateur GnCj)
  1805 | D:3      | Found a runed translucent gate.
  1806 | D:3      | Found a runed translucent gate.
  1807 | D:3      | Found a runed translucent gate.
  2545 | D:3      | Reached XP level 5. HP: 45/45 MP: 7/7
  3726 | D:4      | Found a glowing drain.
  3749 | Sewer    | Entered a sewer
  3773 | Sewer    | Reached XP level 6. HP: 46/52 MP: 8/8
  4140 | Sewer    | Reached XP level 7. HP: 53/60 MP: 9/9
  4389 | D:4      | Found Rofigh's Assorted Antiques.
  4399 | D:4      | Bought a brightly glowing pewter ring for 90 gold pieces
  4399 | D:4      | Identified the ring of Ypetretz {rN+ Will+ AC+4 Dex+3
                  | Slay+2} (You bought it in a shop on level 4 of the Dungeon)
  5335 | D:5      | Entered Level 5 of the Dungeon
  5600 | D:5      | Reached skill level 5 in Armour
  5693 | D:5      | Reached skill level 5 in Fighting
  5693 | D:5      | Reached skill level 5 in Shields
  5800 | D:5      | Noticed a yak
  5804 | D:5      | Found a staircase to the Ecumenical Temple.
  5953 | D:5      | Noticed a yak
  5953 | D:5      | Noticed a yak
  5953 | D:5      | Noticed a yak
  5953 | D:5      | Noticed a yak
  5953 | D:5      | Noticed a yak
  5984 | D:4      | Killed a yak
  5985 | D:4      | Reached XP level 8. HP: 66/68 MP: 10/10
  6128 | D:4      | Reached skill level 5 in Maces & Flails
  6471 | D:5      | Noticed Sigmund
  6488 | D:5      | Killed Sigmund
  7012 | D:5      | Reached XP level 9. HP: 69/75 MP: 11/11
  7116 | D:6      | Identified the +6 trident of Urhett {flame, rN+}
  7947 | D:7      | Killed from afar by an acid dragon

Illustrated notes

Levels and vault maps discovered:
D:1:      dpeg_arrival_prison, layout_basic
D:2:      layout_basic, serial_undead, serial_undead_e, serial_undead_f,
          serial_undead_d, serial_undead_e, serial_undead_c, serial_undead_b,
          serial_undead_c, uniq_jessica
D:3:      layout_basic, nicolae_overflow_hidden_temple,
          mainiacjoe_overflow_chevrons, gammafunk_ghost_split
D:4:      layout_basic, portal_sewer_entry_c, serial_shops,
          nicolae_shop_hallway_plus, grunt_decor_resistance,
          kennysheep_cluttered_room
D:5:      layout_gridville, nicolae_ashenzari_panopticon, fiery_altar_vehumet,
          minmay_temple_entry_waves, uniq_sigmund
D:6:      layout_cave_pods, nicolae_fountain_basement
D:7:      layout_loops_cross

Skill      XL: |  1  2  3  4  5  6  7  8  9 |
---------------+----------------------------+-----
Maces & Flails | 2 3 4 5 6 |  6.1
Armour         | 3 4 5 6 |  6.4
Fighting       | 3 4 5 6 |  6.4
Shields        | 3 4 5 6 |  6.4

Action                     |  1- 3 |  4- 6 |  7- 9 || total
---------------------------+-------+-------+-------++-------
  Melee: Flail             |   113 |   255 |   222 ||   590
    Use: Scroll            |       |    10 |     1 ||    11
         Potion            |       |     2 |     2 ||     4
 Armour: Scale mail        |    58 |    62 |       ||   120
         Chain mail        |       |    57 |   142 ||   199
  Dodge: Dodged            |    56 |    98 |    89 ||   243
  Block: Buckler           |    30 |    69 |    79 ||   178

Table legend: (Time is in decaauts)
 A = Elapsed time spent in this place.
 B = Non-inter-level travel time spent in this place.
 C = Inter-level travel time spent in this place.
 D = Time resting spent in this place.
 E = Time spent auto-exploring this place.
 F = Levels seen in this place.
 G = Mean time per level.
                   A        B        C        D        E       F      G
               +--------+--------+--------+--------+--------+-----+--------+
         Total |   8186 |   7875 |    311 |   1204 |   4863 |   8 | 1023.2 |
       Dungeon |   7518 |   7207 |    311 |   1204 |   4451 |   7 | 1074.0 |
         Sewer |    668 |    668 |      0 |      0 |    412 |   1 |  668.0 |
               +--------+--------+--------+--------+--------+-----+--------+

Top non-repeatable levels by time:
     D:2: 1581 daAuts
     D:5: 1484 daAuts
     D:3: 1445 daAuts
     D:4: 1430 daAuts
     D:6: 793 daAuts
     D:1: 758 daAuts
   Sewer: 668 daAuts
     D:7: 24 daAuts
